 Dungeon Crawl Stone Soup version 0.26.0-16-gc1dbca0489 (webtiles) character file.

Game seed: 14949029664267877018

2853 OdinFK the Grappler (level 9, -2/88 HPs)
             Began as a Troll Monk on Jan 17, 2021.
             Slain by an unseen horror (4 damage)
             ... on level 7 of the Dungeon.
             The game lasted 00:26:18 (4652 turns).

OdinFK the Grappler (Troll Monk)                    Turns: 4652, Time: 00:26:19

Health: -2/88      AC:  7    Str: 22    XL:     9   Next: 46%
Magic:  17/17      EV: 13    Int:  6    God:
Gold:   374        SH:  0    Dex: 14    Spells: 8/8 levels left

rFire    . . .     SeeInvis .     - Unarmed
rCold    . . .     Faith    .   (no shield)
rNeg     . . .     Spirit   .   a - +0 robe
rPois    .         Reflect  .   (helmet restricted)
rElec    .         Harm     .   l - +0 cloak {rCorr}
rCorr    +         Rampage  .   (gloves unavailable)
Will     .....                  (boots unavailable)
Stlth    ++........             (no amulet)
HPRegen  0.64/turn              w - ring of magical power
MPRegen  0.15/turn              (no ring)

@: marked
A: large, unfitting armour, claws 3, regeneration 1, shaggy fur 1, tough skin 3
a: no special abilities


You were on level 7 of the Dungeon.
You visited 2 branches of the dungeon, and saw 8 of its levels.

You collected 374 gold pieces.

Inventory:

Missiles
 s - 7 poisoned darts
 A - 5 large rocks
Armour
 a - a +0 robe (worn)
 l - a +0 cloak of preservation (worn)
Jewellery
 b - an uncursed amulet of magic regeneration {unknown}
 w - a ring of magical power (left claw)
Wands
 j - a wand of iceblast (2)
 y - a wand of enslavement (7)
Scrolls
 c - 3 scrolls of immolation {unknown}
 d - 3 scrolls of enchant weapon {unknown}
 f - 3 scrolls of fog {unknown}
 h - 3 scrolls of enchant armour {unknown}
 i - 4 scrolls of identify
 q - 2 scrolls of amnesia {unknown}
 t - a scroll of teleportation {unknown}
 u - 5 scrolls of remove curse
Potions
 g - a potion of attraction {unknown}
 k - 3 potions of degeneration {unknown}
 m - 2 potions of lignification {unknown}
 n - 2 potions of mutation {unknown}
 o - a potion of cancellation {unknown}
 p - a potion of curing {unknown}
 r - a potion of berserk rage {unknown}
 v - 2 potions of ambrosia {unknown}
 z - a potion of might {unknown}


   Skills:
 + Level 5.6 Fighting
 + Level 5.6 Dodging
 - Level 1.0 Stealth
 + Level 9.4 Unarmed Combat
 + Level 3.0 Evocations


You had 8 spell levels left.
You didn't know any spells.
Your spell library contained the following spells:

 Spells                   Type           Power        Failure   Level
 Corona                   Hex            0%           45%         1
 Ensorcelled Hibernation  Hex/Ice        0%           58%         2
 Confusing Touch          Hex            0%           83%         3
 Dazzling Flash           Conj/Hex       0%           83%         3
 Tukima's Dance           Hex            0%           83%         3


Dungeon Overview and Level Annotations

Branches:
Dungeon (7/15)             Temple (1/1) D:4

Altars:
Ashenzari
Cheibriados
Elyvilon
Gozag
Hepliaklqana
Makhleb
Okawaru
Qazlal
Sif Muna
Trog
Uskayaw
Vehumet
Xom
Yredelemnul
The Shining One

Shops:
D:6 }

Annotations:
D:1 exclusion: downstairs
D:3 3 runed translucent doors, Burgietje's ghost, novice GrFi; FreshCat's ghost, amateur HaHu; Mandevil's ghost, amateur TrSu; Zing's ghost, amateur KoEn
D:6 1 runed translucent door


Innate Abilities, Weirdness & Mutations

You are too large for most types of armour.
You have claws for hands.
Your natural rate of healing is unusually fast.
You are covered in fur. (AC +1)
You have extremely tough skin. (AC +3)


Message History

r - Retreat! s - Stop attacking. g - Guard the area. f - Follow me.
Anything else - Cancel.
Okay, then.
Unknown command.
Blink to where?
Press: ? - help, Dir - move target
As you read the scroll of blinking, it crumbles to dust.
Something hits you!
* * * LOW HITPOINT WARNING * * *
The orc wizard points at you and mumbles some strange words.
The puff of frost hits you.
* * * LOW HITPOINT WARNING * * *
There is a stone staircase leading up here.
Something hits you.
* * * LOW HITPOINT WARNING * * *
Something hits you.
* * * LOW HITPOINT WARNING * * *
Something hits you.
You die...

..............o.##
.................##
#...........####..##
#.........o## ##..##
#.<.........# ##..##
.(.....#
#..........# ##..##
....?..##
#..........# ##..##
........#
##.........# ##..##
........##
#....@....# #....(
.........#
##........# #.....#.
.........##
##......##
#....####.
..........# #.....##
....## #.
<.........# ##..##.
.##. ## ..........##
###. .# [
...........####...
## #
...........#...# #
###..........#


You could see an orc wizard (fast).

Vanquished Creatures
  Harold (D:6)
  The ghost of flt the Skirmisher, a novice FoAK of Lugonu (D:6)
  Sigmund (D:5)
  Menkaure (D:7)
  2 ice beasts
  2 ogres (D:5)
  4 bullfrogs
  A scorpion (D:7)
  4 wights (D:6)
  2 howler monkeys (D:7)
  A centaur zombie (D:5)
  4 hounds
  A centaur skeleton (D:4)
  A jelly (D:6)
  An iguana (D:4)
  Ijyb (D:5)
  Terence (D:2)
  2 worker ants
  A hound zombie (D:5)
  2 worker ant zombies
  6 gnolls (D:5)
  7 adders
  A howler monkey skeleton (D:6)
  2 white imps
  An adder skeleton (D:6)
  2 worms
  4 dart slugs
  2 leopard geckos
  2 orcs
  9 bats
  5 giant cockroaches
  7 goblins
  11 hobgoblins
  22 jackals
  7 kobolds
  2 quokkas
  A ball python (D:3)
  7 frilled lizards
  A jackal skeleton (D:4)
  A quokka zombie (D:6)
  8 rats
142 creatures vanquished.

Vanquished Creatures (others)
  A withered plant (D:3)
1 creature vanquished.

Grand Total: 143 creatures vanquished

Notes
Turn   | Place    | Note
-------+----------+-------------------------------------------
     0 | D:1      | OdinFK the Troll Monk began the quest for the Orb.
     0 | D:1      | Reached XP level 1. HP: 22/22 MP: 0/0
   311 | D:1      | Reached XP level 2. HP: 29/29 MP: 1/1
   587 | D:2      | Noticed a bullfrog
   687 | D:2      | Reached XP level 3. HP: 35/36 MP: 2/2
   885 | D:2      | Killed a bullfrog
   886 | D:2      | Reached skill level 4 in Unarmed Combat
   886 | D:2      | Reached XP level 4. HP: 35/45 MP: 3/3
  1019 | D:2      | Noticed Terence
  1076 | D:2      | Killed Terence
  1077 | D:2      | Reached XP level 5. HP: 52/53 MP: 4/4
  1080 | D:2      | Reached skill level 5 in Unarmed Combat
  1110 | D:2      | Found a burning altar of Makhleb.
  1124 | D:2      | Noticed a green death
  1262 | D:3      | Found an iron altar of Okawaru.
  1286 | D:3      | Found a runed translucent gate.
  1287 | D:3      | Found a runed translucent gate.
  1295 | D:3      | Found a runed translucent gate.
  1296 | D:3      | Noticed Burgietje's ghost (novice GrFi)
  1296 | D:3      | Noticed Mandevil's ghost (amateur TrSu)
  1296 | D:3      | Noticed Zing's ghost (amateur KoEn)
  1296 | D:3      | Noticed FreshCat's ghost (amateur HaHu)
  1361 | D:3      | Found a broken altar of Ashenzari.
  1364 | D:3      | Found a bloodstained altar of Trog.
  1550 | D:4      | Found an opulent altar of Gozag.
  1925 | D:4      | Noticed an ogre
  1960 | D:5      | Entered Level 5 of the Dungeon
  1960 | D:5      | Found a radiant altar of Vehumet.
  2007 | D:5      | Noticed a sky beast
  2046 | D:5      | Reached skill level 6 in Unarmed Combat
  2046 | D:5      | Reached XP level 6. HP: 55/61 MP: 5/5
  2060 | D:5      | Noticed Sigmund
  2371 | D:4      | Found a staircase to the Ecumenical Temple.
  2381 | Temple   | Entered the Ecumenical Temple
  2675 | D:5      | Reached skill level 1 in Evocations
  3050 | D:5      | Noticed Ijyb
  3066 | D:5      | Killed Ijyb
  3193 | D:5      | Reached XP level 7. HP: 67/67 MP: 6/6
  3420 | D:6      | Found Zarirphao's Gadget Shop.
  3590 | D:6      | Reached skill level 7 in Unarmed Combat
  3669 | D:6      | Found a runed translucent door.
  3674 | D:6      | Noticed flt's ghost (novice FoAK)
  3748 | D:6      | Reached XP level 8. HP: 77/78 MP: 7/7
  3751 | D:6      | Found a runed translucent door.
  3807 | D:6      | Killed flt's ghost
  3922 | D:7      | Found a radiant altar of Vehumet.
  3981 | D:7      | Noticed Harold
  3983 | D:7      | Reached skill level 5 in Fighting
  3983 | D:7      | Reached skill level 5 in Dodging
  4008 | D:7      | Reached skill level 8 in Unarmed Combat
  4165 | D:7      | Noticed Menkaure
  4171 | D:7      | Killed Menkaure
  4300 | D:7      | Reached skill level 9 in Unarmed Combat
  4384 | D:5      | Killed Sigmund
  4385 | D:5      | Reached XP level 9. HP: 47/88 MP: 8/8
  4520 | D:6      | Killed Harold
  4652 | D:7      | HP: 2/88 [something (3)]
  4652 | D:7      | Slain by an unseen horror

Illustrated notes

Levels and vault maps discovered:
D:1:      roderic_octagonal_star, layout_loops_ring
D:2:      layout_rooms, solitary_fountain, makhleb_altar_promises_db,
          uniq_jessica, uniq_terence
D:3:      layout_rooms, nicolae_overflow_hidden_temple, gammafunk_ghost_cemetery
D:4:      layout_gridville, kennysheep_little_box, minmay_temple_entry_arrows
D:5:      layout_layer_cave, vehumet_altar_wand_db, uniq_ijyb, uniq_sigmund
D:6:      layout_rooms, serial_shops, nicolae_shop_behind_doors,
          ebering_ghost_sewer_f
D:7:      layout_cave_pods, kennysheep_mini_moat, nicolae_ru_awakened_eye,
          grunt_dithmenos_smoke, lemuel_crystal_altar, serial_shops, shop,
          uniq_menkaure, uniq_harold
Temple:   jpeg_temple_island

Skill      XL: |  1  2  3  4  5  6  7  8  9 |
---------------+----------------------------+-----
Fighting       | 3 4 5 |  5.6
Dodging        | 3 4 5 |  5.6
Unarmed Combat | 4 6 7 9 |  9.4
Evocations     | 1 2 3 |  3.0
Stealth        | |  1.0

Action                   |  1- 3 |  4- 6 |  7- 9 || total
-------------------------+-------+-------+-------++-------
Melee: Unarmed           |    68 |   204 |   124 ||   396
       Punch             |       |     4 |     4 ||     8
Throw: Dart              |       |    30 |     5 ||    35
Evoke: Wand              |     1 |       |    19 ||    20
  Use: Scroll            |       |       |     6 ||     6
 Stab: Sleeping          |     2 |     2 |       ||     4
Armor: Robe              |    29 |    71 |    36 ||   136
Dodge: Dodged            |    37 |   115 |    63 ||   215
